 Dungeon Crawl Stone Soup version 0.27.0-1-g7a089689b8 (webtiles) character file.

Game seed: 4920263880627123123

19 Brandom the Sneak (level 2, -6/14 HPs)
             Began as a Spriggan Fire Elementalist on July 31, 2021.
             Was a Follower of Trog.
             Mangled by a goblin (14 damage)
             ... on level 1 of the Dungeon.
             The game lasted 00:03:55 (1145 turns).

Brandom the Sneak (Spriggan Fire Elementalist)      Turns: 1145, Time: 00:03:55

Health: -6/14      AC:  2    Str:  4    XL:     2   Next: 55%
Magic:  6/6        EV: 17    Int: 16    God:    Trog [*.....]
Gold:   35         SH:  0    Dex: 15    Spells: 5/6 levels left

rFire    . . .     SeeInvis +   c - +0 dagger
rCold    . . .     Faith    .   (shield restricted)
rNeg     . . .     Spirit   .   a - +0 robe
rPois    .         Reflect  .   (helmet restricted)
rElec    .         Harm     .   (no cloak)
rCorr    .         Rampage  .   (gloves unavailable)
Will     .....                  (boots unavailable)
Stlth    +++.......             (no amulet)
HPRegen  0.04/turn              (no ring)
MPRegen  0.10/turn              (no ring)

@: very quick
A: very small, no large weapons, unfitting armour, see invisible, speed 3
a: Renounce Religion, Berserk


You were on level 1 of the Dungeon.
You worshipped Trog.
Trog was aware of your devotion.
You visited 1 branch of the dungeon, and saw 1 of its levels.

You collected 35 gold pieces.

Inventory:

Hand Weapons
 c - a +0 dagger (weapon)
   (You took it off a goblin on level 1 of the Dungeon)
Armour
 a - a +0 robe (worn)
Scrolls
 d - a scroll of enchant armour {unknown}
 e - a scroll of enchant weapon {unknown}
 f - a scroll of holy word {unknown}
 g - a scroll of immolation {unknown}
Potions
 b - a potion of resistance {unknown}


   Skills:
 + Level 0.9 Fighting
 * Level 0.1 Short Blades
 + Level 3.2 Dodging
 + Level 3.8 Stealth
 - Level 2.6 Spellcasting
 - Level 0.6 Conjurations
 - Level 2.4 Fire Magic


You had 5 spell levels left.
You knew the following spells:

 Your Spells              Type           Power      Damage    Failure   Level
a - Foxfire               Conj/Fire      24%        2x1d5     11%         1

Your spell library contained the following spells:

 Spells                   Type           Power      Damage    Failure   Level
 Sting                    Tmut/Pois      8%         1d3       19%         1
 Poisonous Vapours        Pois/Air       4%         N/A       28%         2
 Conjure Flame            Conj/Fire      6%         6-21      30%         3
 Inner Flame              Hex/Fire       6%         N/A       34%         3
 Sticky Flame             Conj/Fire      6%         2d3       71%         4
 Olgreb's Toxic Radiance  Pois           2%         N/A       88%         4
 Fireball                 Conj/Fire      3%         3d4       96%         5


Dungeon Overview and Level Annotations

Branches:
Dungeon (1/15)

Altars:
Trog

Shops:
D:1 [[::


Innate Abilities, Weirdness & Mutations

You are very small and have problems with some larger weapons.
You are too small for most types of armour.
You have supernaturally acute eyesight. (SInv)
You cover ground extremely quickly. (Speed+++)


Message History

You now have 17 gold pieces (gained 9).
You now have 26 gold pieces (gained 9).
Found a faded altar of an unknown god.
There is a faded altar of an unknown god here.
You cannot tell which god this altar belongs to.
Convert to them anyway?
Trog accepts your prayer! Trog welcomes you!
You can now go berserk at will.
As you open the door, it creaks loudly!
Found 16 stones.
There is an open door here.
Found 5 gold pieces.
You now have 31 gold pieces (gained 5).
A goblin comes into view. It is wielding a +0 dagger.
A goblin is nearby!
Found 4 gold pieces.
The helpless goblin fails to defend itself.
You puncture the goblin!
You kill the goblin!
Trog accepts your kill.
No target in view!
You now have 35 gold pieces (gained 4).
Found Raghiroef's Armour Shop.
Found 21 arrows.
There is an entrance to Raghiroef's Armour Shop here.
Found 3 javelins.
A ball python comes into view.
A ball python is nearby!
A giant cockroach and a goblin come into view.
The goblin is wielding a +2 dagger of electrocution.
A frilled lizard comes into view.
The helpless ball python fails to defend itself.
You puncture the ball python!
You kill the ball python!
Trog accepts your kill.
The goblin shouts!
The goblin completely misses you.
You barely miss the goblin. The goblin barely misses you.
You hit the goblin but do no damage. The goblin completely misses you.
The frilled lizard misses you.
You barely miss the goblin. The goblin completely misses you.
The frilled lizard closely misses you.
You hit the goblin but do no damage.
The goblin hits you with a +2 dagger of electrocution.
The frilled lizard closely misses you. The giant cockroach closely misses you.
You hit the goblin but do no damage. The giant cockroach bites you.
The goblin hits you with a +2 dagger of electrocution.
You are electrocuted!
Ouch! That really hurt!
You die...

### ###
#.#############.########
#.......................
#.############..........
................@.......
...............glB......
..........##....#.......
....#####.##(..........#
######
...................#####
......
...#.####....#..##.#
###### .......(........
.. .#...#.#####.#.. ...
. .....#...... ..


You could see a giant cockroach, a goblin and a frilled lizard.

Vanquished Creatures
  A dart slug (D:1)
  2 ball pythons (D:1)
  An endoplasm (D:1)
  7 goblins (D:1)
  A kobold (D:1)
  A bat (D:1)
  2 frilled lizards (D:1)
15 creatures vanquished.

Vanquished Creatures (others)
  25 foxfires (D:1)
25 creatures vanquished.

Grand Total: 40 creatures vanquished

Notes
Turn   | Place    | Note
-------+----------+-------------------------------------------
     0 | D:1      | Brandom the Spriggan Fire Elementalist began the quest for
                  | the Orb.
     0 | D:1      | Reached XP level 1. HP: 9/9 MP: 5/5
    57 | D:1      | Found Efekkez's Book Shoppe.
   342 | D:1      | Found Tarphas's Antique Armour Boutique.
   358 | D:1      | Reached XP level 2. HP: 9/14 MP: 2/6
   904 | D:1      | Found Oselyupt's Book Emporium.
  1065 | D:1      | Found a faded altar of an unknown god.
  1070 | D:1      | Became a worshipper of Trog the Wrathful
  1070 | D:1      | Reached * piety under Trog
  1103 | D:1      | Found Raghiroef's Armour Shop.
  1145 | D:1      | Mangled by a goblin

Illustrated notes

Levels and vault maps discovered:
D:1:      giann_bridges, layout_basic, basic_ecumenical_altar, serial_shops,
          shop, shop, nicolae_lakefront_shop, shop, nicolae_shop_waterfront,
          minmay_surrounded

Skill      XL: |  1 |
---------------+----+-----
Dodging        | 3 |  3.2
Fighting       | |  0.9
Short Blades   | |  0.1
Stealth        | |  3.8
Spellcasting   | |  2.6
Conjurations   | |  0.6
Fire Magic     | |  2.4

Action                   || total
-------------------------++-------
Melee: Dagger            ||    30
       Unarmed           ||     2
 Cast: Foxfire           ||    16
 Stab: Sleeping          ||     5
Armor: Robe              ||     7
Dodge: Dodged            ||    30
